Map: Void Training Stage 3

Players

Yata - Winner!

  • Race: Zerg Zerg
  • League: Silver
  • Spawn Location: 12:00

Player 2

  • Race: Terran Terran
  • Spawn Location: 6:00

VOD

Have the link to the VOD?

Description

Time

  • Played on: Aug. 15, 2017, 9:02 p.m.
  • Length: 8:31
Show
View Real Time Build Order
Export as new Build Order

Yata Zerg - Winner!

Build Orders: Hatch First 

Get SALT Encoding   

  12  0:07  Drone  
  12  0:13  Overlord  
  13  0:18  Drone  
  14  0:31  Drone  
  14  0:32  Drone  
  16  0:40  Drone  
  17  1:00  Hatchery  
  17  1:03  Drone  
  17  1:04  Drone  
  18  1:18  Extractor  
  17  1:22  Spawning Pool  
  17  1:24  Drone x2  
  18  1:33  Drone  
  19  1:44  Overlord  
  19  1:58  Drone  
  20  2:05  Drone  
  21  2:11  Queen  
  21  2:13  Queen  
  25  2:17  Zergling x4  
  25  2:19  Metabolic Boost  
  27  2:23  Drone  
  27  2:29  Drone  
  29  2:34  Drone  
  30  2:44  Drone  
  31  2:58  Drone x3  
  34  3:12  Overlord, Roach Warren  
  33  3:17  Hatchery  
  32  3:27  Drone x4  
  33  3:32  Queen  
  38  3:35  Extractor  
  38  3:37  Drone x3  
  38  3:39  Drone  
  38  3:40  Drone x2  
  43  3:46  Lair  
  43  3:52  Evolution Chamber  
  44  4:03  Roach  
  44  4:06  Overlord x2  
  44  4:07  Overlord  
  44  4:26  Roach  
  44  4:27  Roach x6  
  58  4:44  Drone x4  
  62  4:52  Overlord x2  
  62  4:55  Glial Reconstitution  
  62  4:59  Roach x5  
  72  5:04  Roach  
  72  5:06  Overlord  
  74  5:12  Zerg Missile Weapons Level 1  
  74  5:14  Extractor  
  74  5:15  Extractor  
  74  5:17  Drone x4  
  74  5:19  Drone  
  77  5:31  Roach x4  
  85  5:43  Ravager  
  86  5:59  Extractor  
  86  6:01  Extractor  
  86  6:02  Drone x6  
  86  6:03  Drone x7  
  97  6:06  Ravager  
  97  6:08  Overlord x2  
  97  6:09  Overlord x2  
  98  6:27  Roach x4  
  98  6:28  Roach x2  
  98  6:31  Ravager x3  
  113  6:40  Drone x5  
  113  6:41  Drone  
  113  6:45  Overlord  
  119  6:52  Hatchery  
  118  6:57  Roach x3  
  118  7:06  Roach  
  118  7:07  Roach x4  
  126  7:13  Drone  
  126  7:14  Drone x5  
  132  7:45  Overlord x4  
  130  8:13  Evolution Chamber  
Show
View Real Time Build Order
Export as new Build Order

Player 2 Terran 

Build Orders:  

Get SALT Encoding   

  12  0:00  SCV  
  13  0:13  SCV  
  14  0:20  Supply Depot  
  14  0:25  SCV  
  15  0:41  SCV  
  16  0:43  Barracks  
  16  0:49  Refinery  
  16  0:53  SCV  
  17  1:05  SCV  
  18  1:17  Supply Depot  
  18  1:31  Marine  
  18  1:32  Orbital Command  
  19  1:35  Barracks  
  19  1:42  Refinery  
  19  1:50  Barracks Tech Lab  
  19  2:08  Marine  
  20  2:15  Supply Depot  
  20  2:26  Marine  
  21  2:32  Marine  
  22  2:44  Marine  
  22  2:47  Supply Depot  
  23  2:56  Marine  
  23  2:57  SCV  
  25  3:09  SCV, Marine  
  27  3:16  Engineering Bay  
  27  3:21  SCV  
  30  3:27  Marauder  
  30  3:33  SCV, Marine  
  32  3:45  SCV  
  35  3:48  Marauder  
  35  3:50  Supply Depot  
  35  3:57  Marine  
  35  3:58  SCV  
  37  4:10  Marauder  
  39  4:31  Marauder  
  41  6:29  Barracks Tech Lab  
  41  6:32  Factory  
  41  6:35  Factory  
  41  6:36  Missile Turret  
  41  6:38  Command Center, Missile Turret  
  41  6:39  Supply Depot  
  41  6:42  Sensor Tower  
  41  6:45  Barracks  
  41  6:59  Bunker  
  40  7:12  Command Center  
  40  7:16  Widow Mine  
  40  7:18  Starport  
  40  7:20  Armory, Factory Tech Lab  
  42  7:34  Barracks Reactor  
  42  7:38  Widow Mine  
  44  7:45  Factory Tech Lab  
  43  7:52  Marine  
  43  7:54  Starport Tech Lab  
  26  7:59  Marine  
  26  8:10  SCV, Marine  
  26  8:12  Sensor Tower  
  23  8:21  Command Center  
Tags
 
League
Silver
Matchup
TvZ
Replay Pack
Pack 1
Spawn Locations
Cross Positions
Add a new tag
Caveats
  • Supply blocks, unpowered buildings, or Contaminate may cause inaccurate times.
  • Supply counts are checked every 10 seconds.